Cogmind - Beta 13 @@@ ROGUE MODE // 2024.04.05 @ 23:16:09 Player: desiring-machine Result: Destroyed by S-10 Pest with Light Assault Rifle Performance ------------- Evolutions (1) 500 Regions Visited (2) 400 Robots Destroyed (61) 305 Value Destroyed (1328) 1328 Prototype IDs (0) 0 Alien Tech Used (0) 0 Bonus (194) 194 TOTAL SCORE: 2727 Bonus ------- High Alert Combat Kills 194 Cogmind --------- Core Integrity 0/400 Matter 141/300 Energy 149/160 System Corruption 5% Temperature Cool (0) Movement Flying (195) Ox2 Location -9/Materials Parts ------- > --- POWER (1) -------- Light Nuclear Core > --- PROPULSION (3) --- VTOL Module > --- UTILITY (2) ------ Hardened Light Armor Plating > --- WEAPON (3) ------- (None) > --- INVENTORY (5) ---- Improved Ion Engine Sensor Array Peak State ------------ > --- POWER ------------ Light Nuclear Core > --- PROPULSION ------- Improved Aluminum Leg Improved Aluminum Leg Improved Aluminum Leg > --- UTILITY ---------- Improved Sensor Array Hardened Light Armor Plating > --- WEAPON ----------- Particle Gun Heavy Assault Rifle Mini Grenade Launcher > --- INVENTORY -------- Improved Ion Engine Sensor Array Hardened Light Armor Plating Shield Generator [Rating: 20] Favorites ----------- Power Light Ion Engine Engine Light Ion Engine Power Core Light Nuclear Core Propulsion Improved Aluminum Leg Leg Improved Aluminum Leg Wheel Compact Wheel Flight Unit Flight Unit Utility Hardened Light Armor Plating Device Structural Scanner Storage Small Storage Unit Processor Visual Processing Unit Protection Hardened Light Armor Plating Weapon Light Assault Rifle Energy Gun Medium Laser Ballistic Gun Light Assault Rifle Launcher Mini Grenade Launcher Build | -11 -10 -9 ------- Run | Yrd Mat Mat Slots Evolved 2 | . . 2 Power . | . . . Propulsion 1 | . . 1 Utility . | . . . Weapon 1 | . . 1 Parts Attached 42 | 4 11 27 Power 9 | 1 3 5 Engine 5 | 1 3 1 Core 4 | . . 4 Reactor . | . . . Propulsion 12 | 2 3 7 Treads . | . . . Leg 6 | . . 6 Wheel 4 | 2 2 . Hover . | . . . Flight 2 | . 1 1 Utility 12 | . 4 8 Device 5 | . 2 3 Storage 2 | . 2 . Processor 1 | . . 1 Hackware . | . . . Protection 4 | . . 4 Artifact . | . . . Weapon 9 | 1 1 7 Energy Gun 5 | 1 . 4 Energy Cannon . | . . . Ballistic Gun 3 | . 1 2 Ballistic Cannon . | . . . Launcher 1 | . . 1 Special Weapon . | . . . Impact Weapon . | . . . Slashing Weapon . | . . . Piercing Weapon . | . . . Special Melee Weapon . | . . . Unidentified Prototypes . | . . . Corrupted Parts 1 | . . 1 System Corruption 5 | . . 5 Parts Lost 19 | . 6 13 Power 4 | . 2 2 Propulsion 4 | . 2 2 Utility 4 | . 1 3 Weapon 7 | . 1 6 Highest Loss Streak 9 | . 3 9 To Critical Strikes 1 | . . 1 Average Slot Usage (%) 81 | . 77 84 Engine 7 | . 13 2 Core 4 | . . 8 Leg 16 | . . 29 Wheel 10 | . 22 . Device 6 | . 7 6 Storage 5 | . 12 . Protection 6 | . . 11 Energy Gun 10 | . 11 9 Ballistic Gun 8 | . 7 10 Launcher 1 | . . 3 Naked Turns . | . . . Heaviest Build 19 | 5 12 19 Greatest Support 39 | 20 32 39 Greatest Overweight (x) 4 | . 1 4 Average Overweight (x) . | . . . Largest Inventory Capacity 8 | 5 8 8 Average Capacity 5 | 5 6 5 Most Carried 8 | 2 8 8 Average Carried 4 | . 4 4 Final Capacity 8 | 5 8 5 Final Carried 7 | 1 7 2 Class Distribution -------------------- 41% | Mutant 39% | Scavenger-Mutant 16% | Tank Dominant Class ---------------- Scavenger-Mutant | -10/Materials Scavenger-Mutant | -9/Materials Resources | -11 -10 -9 ----------- Run | Yrd Mat Mat Matter Collected 741 | 240 106 395 Remotely . | . . . Salvage Created 1537 | 47 566 924 Parts 114 | 2 29 83 Haulers Intercepted 1 | . . 1 Recyclers Shooed 4 | . 3 1 Parts Field Recycled . | . . . Retrieved Matter . | . . . Parts Self-Destructed . | . . . Prevented . | . . . Kills | -11 -10 -9 ------- Run | Yrd Mat Mat Combat Hostiles Destroyed 44 | 1 12 31 Guns 31 | 1 12 18 AOE 13 | . . 13 Classes Destroyed 9 | 1 5 3 Worker 3 | . 1 2 Builder 4 | . . 4 Hauler 1 | . . 1 Recycler 2 | . 2 . Operator 2 | . 1 1 Watcher 5 | . 1 4 Swarmer 17 | . 6 11 Grunt 25 | 1 6 18 Sentry 2 | . . 2 Best Kill Streak 11 | 1 5 11 Combat Bots Only 9 | 1 4 9 Max Kills in Single Turn 4 | 1 1 4 Gunslinging . | . . . Exploded 3 | . . 3 Melee . | . . . Uniques/NPCs Destroyed . | . . . Combat | -11 -10 -9 -------- Run | Yrd Mat Mat Hostile Shots Fired 333 | 4 65 264 Missed 91 | 1 17 73 Damage Taken 2345 | 36 466 1843 Core 530 | 12 113 405 Absorbed by Shields 76 | . . 76 Regen/Repaired (Parts) 42 | . . 42 Core Remaining (%) 72 | 95 50 . Volleys Fired 197 | 5 83 109 Largest 3 | 1 2 3 Hottest 125 | 50 70 125 Shots Fired 303 | 5 103 195 Gun 284 | 5 103 176 Cannon . | . . . Launcher 19 | . . 19 Special . | . . . Kinetic 114 | . 31 83 Thermal 152 | 5 72 75 Explosive 19 | . . 19 Electromagnetic 18 | . . 18 Robot Hit Streak 9 | 3 8 9 Robot Miss Streak 8 | 2 8 5 Penetration Max . | . . . Secondary Targets 1 | . 1 . Max Gunslinging Chain 1 | . 1 . Shots Hit Robots 180 | 3 62 115 Core Hits 98 | 2 28 68 Critical Kills 3 | . 2 1 Critical Parts Destroyed 1 | . . 1 Critical Strikes 6 | . 3 3 Burn 2 | . 1 1 Destroy 4 | . 2 2 Melee Attacks . | . . . Impact . | . . . Slashing . | . . . Piercing . | . . . Sneak Attacks . | . . . Combat Hostiles . | . . . Follow-up Attacks . | . . . Damage Inflicted 3328 | 36 724 2568 Guns 1952 | 36 724 1192 Cannons . | . . . Explosions 1356 | . . 1356 Melee . | . . . Ramming 20 | . . 20 Kinetic 620 | . 124 496 Thermal 1212 | 36 600 576 Explosive 1336 | . . 1336 Electromagnetic 140 | . . 140 Impact . | . . . Slashing . | . . . Piercing . | . . . Highest Corruption 5 | . . 5 Average Corruption 5 | . . 5 Corruption Purged . | . . . Corruption Blocked . | . . . Effects 25 | . . 25 Message Errors 9 | . . 9 Matter Fused 6 | . . 6 Heat Flow Errors 3 | . . 3 Energy Discharges 1 | . . 1 Data Loss (minor) 3 | . . 3 Data Loss (major) 1 | . . 1 Misfires 2 | . . 2 Overload Shots . | . . . Overflow Damage 39 | . . 39 Projectiles . | . . . Explosions 39 | . . 39 Melee . | . . . Knockbacks 1 | . . 1 Impact 1 | . . 1 Kinetic . | . . . Secondary . | . . . Self-Inflicted Damage 100 | . . 100 Shots 3 | . . 3 Rammed . | . . . Targets Rammed 4 | . . 4 Kicked 4 | . . 4 Crushed . | . . . Highest Temperature 512 | 58 162 512 Average Temperature 92 | 26 46 116 Received Heat Transfer 699 | 18 165 516 Effects 12 | . . 12 Shutdowns 3 | . . 3 Interference 2 | . . 2 Short Circuit 4 | . . 4 Damage (minor) 1 | . . 1 Damage (major) 2 | . . 2 Siege Activations . | . . . Robots Corrupted . | . . . Combat Hostiles . | . . . Parts Fried . | . . . Impact Corruptions . | . . . Robots Melted . | . . . Combat Hostiles . | . . . Parts Melted 4 | . 2 2 Heat Transferred 3367 | 111 1850 1406 Parts Sabotaged . | . . . Parts Stolen . | . . . Parts Stripped . | . . . Power Chain Reactions 1 | . . 1 Alert | -11 -10 -9 ------- Run | Yrd Mat Mat Peak Influence 928 | 20 201 928 Initial 13 | . 13 11 Average 246 | 2 73 405 Maximum Alert Level 3 | . 1 3 Low Security (%) 57 | 100 92 26 Level 1 13 | . 7 18 Level 2 22 | . . 41 Level 3 6 | . . 12 Level 4 . | . . . Level 5 . | . . . High Security . | . . . Max Security . | . . . Squads Dispatched 9 | . 4 5 Investigation 3 | . 2 1 Extermination . | . . . Reinforcement 6 | . 2 4 Assault . | . . . Garrison . | . . . Intercept . | . . . Searches Triggered 1 | . . 1 Construction Impeded 1 | . . 1 Haulers Reinforced . | . . . Active Scanning Responses . | . . . Cargo Convoy Interrupts . | . . . Stealth | -11 -10 -9 --------- Run | Yrd Mat Mat Distress Signals 5 | . 2 3 Communications Jammed . | . . . Distress Signals . | . . . Times Spotted 77 | 1 21 55 Peak Tracking Total 6 | 1 4 6 Tactical Retreats 5 | . 1 4 Traps | -11 -10 -9 ------- Run | Yrd Mat Mat Traps Triggered 2 | . 1 1 Indirectly . | . . . Trap Hack Attempts . | . . . Triggered . | . . . Disarmed . | . . . Reprogrammed . | . . . Reused . | . . . Traps Extracted . | . . . Installed . | . . . Triggered 2 | . . 2 Machines | -11 -10 -9 ---------- Run | Yrd Mat Mat Machines Disabled 3 | . . 3 Max in Single Turn 1 | . . 1 Machines Repaired . | . . . Machines Dismantled . | . . . Machines Sabotaged . | . . . Overloaded Fab Kills . | . . . Hacking | -11 -10 -9 --------- Run | Yrd Mat Mat Machines Accessed 4 | . 3 1 Terminals 1 | . 1 . Fabricators . | . . . Repair Stations 2 | . 1 1 Recycling Units 1 | . 1 . Scanalyzers . | . . . Garrison Access . | . . . Total Hacks 11 | . 8 3 Successful 10 | . 8 2 Failed 1 | . . 1 Catastrophic . | . . . Database Lockouts . | . . . Manual . | . . . Terminals 3 | . 3 . Fabricators . | . . . Repair Stations 4 | . 1 3 Recycling Units 4 | . 4 . Scanalyzers . | . . . Garrison Access . | . . . Terminal Hacks 3 | . 3 . Record 3 | . 3 . Fabricator Hacks . | . . . Repair Station Hacks 3 | . 1 2 Scan Component 2 | . 1 1 Repair 1 | . . 1 Recycling Unit Hacks 4 | . 4 . Recycle Component 1 | . 1 . Process 1 | . 1 . Report Inventory 1 | . 1 . Retrieve Matter 1 | . 1 . Scanalyzer . | . . . Garrison Access Hacks . | . . . Unauthorized Hacks . | . . . Terminals . | . . . Fabricators . | . . . Repair Stations . | . . . Recycling Units . | . . . Scanalyzers . | . . . Garrison Access . | . . . Data Cores Recovered 1 | . 1 . Used . | . . . Hacking Detections 3 | . 2 1 Full Trace Events 2 | . 1 1 Feedback Events . | . . . Feedback Blocked . | . . . Robot Schematics Acquired . | . . . Robots Built . | . . . Authchips . | . . . Time . | . . . Total Robot Build Rating . | . . . Part Schematics Acquired . | . . . Parts Built . | . . . Authchips . | . . . Time . | . . . Total Part Build Rating . | . . . Parts Repaired 1 | . . 1 Time 44 | . . 44 Parts Recycled 1 | . 1 . Recycled Matter 25 | . 25 . Retrieved Matter 25 | . 25 . Retrieved Components . | . . . Parts Scanalyzed . | . . . Part Schematics Acquired . | . . . Parts Damaged . | . . . Bothacking | -11 -10 -9 ------------ Run | Yrd Mat Mat Used RIF Installer . | . . . Robots Hacked . | . . . Non-combat . | . . . Combat . | . . . Robot Hacks Applied . | . . . Relay Couplers Released . | . . . Fabnet Peak Effective % . | . . . Robots Rewired . | . . . Allies Hacked . | . . . Hacks Repelled . | . . . Allies | -11 -10 -9 -------- Run | Yrd Mat Mat Total Allies . | . . . Largest Group . | . . . Highest-Rated Group . | . . . Highest-Rated Ally . | . . . Total Orders . | . . . Ally Attacks . | . . . Total Damage . | . . . Kills . | . . . Allies Corrupted . | . . . Allies Melted . | . . . Intel | -11 -10 -9 ------- Run | Yrd Mat Mat Robot Analysis Total . | . . . Derelict Logs Recovered . | . . . Drone Launches . | . . . Drone Recoveries . | . . . Exploration | -11 -10 -9 ------------- Run | Yrd Mat Mat Turns Passed 2078 | 69 911 1098 Spaces Moved 1439 | 71 759 609 Core 97 | 23 42 32 Treads . | . . . Legs 569 | . . 569 Wheels 731 | 48 678 5 Hover . | . . . Flight 42 | . 39 3 Fastest Speed 50 | 50 50 100 Average Speed 102 | 70 90 120 Slowest Speed 250 | 80 120 250 Overloaded Moves . | . . . Propulsion Burnouts . | . . . Robots Hopped . | . . . Cave-ins Triggered . | . . . Exploration Rate (%) 43 | 7 77 45 Regions Visited 2 Branch Regions . Pre-discovered Areas . | . . . Known Exits Taken . | . . . Unknown Exits Taken 2 | 1 1 . Scrap Searched . | . . . Spaces Dug . | . . . Terrain Destroyed 110 | . . 110 Melee . | . . . Projectile . | . . . AOE 110 | . . 110 Terrain Rammed . | . . . Walls Destroyed . | . . . Machines Disabled . | . . . Actions | -11 -10 -9 --------- Run | Yrd Mat Mat Total 1779 | 84 885 810 Wait 17 | . 6 11 Move 1437 | 70 758 609 Hop . | . . . Pick Up 55 | 5 21 29 Fast Attach . | . . . Attach 31 | 4 10 17 Detach 1 | . . 1 Swap 11 | . 1 10 Drop 26 | . 6 20 Fire 197 | 5 83 109 Melee . | . . . Ram . | . . . Kick 4 | . . 4 Crush . | . . . Escape Stasis . | . . . Rewire . | . . . Trap . | . . . Miscellaneous . | . . . Route ------- -11/Scrapyard -10/Materials (discovered 5 exits: *Mat x3 / [*Min x2]) -9/Materials (discovered 1 exit: [*Mat]) History --------- Turn | Location | Event 2 | -11/Scrapyard | Met Revision 17 53 | -11/Scrapyard | Discovered new exit (range 8) 70 | -11/Scrapyard | Entered Materials 127 | -10/Materials | Discovered new exit (range 15) 201 | -10/Materials | Discovered new exit (range 11) 310 | -10/Materials | Build established: Mutant 414 | -10/Materials | Lost 3 parts (1p1n1u) 674 | -10/Materials | Discovered new exit (range 10) 700 | -10/Materials | Discovered new exit (range 14) 821 | -10/Materials | Build established: Scavenger-Mutant 821 | -10/Materials | Discovered new exit (range 16) 981 | -10/Materials | Entered another Materials area 981 | -9/Materials | Evolved 2 slots: Propulsion x1, Weapon x1 1728 | -9/Materials | Discovered new exit (range 15) 1781 | -9/Materials | Search patrols dispatched 1969 | -9/Materials | Destroyed 9 combat bots 1984 | -9/Materials | Build established: Tank 2022 | -9/Materials | Core integrity fell below 50% 2023 | -9/Materials | Repaired Broken Imp. Aluminum Leg? 2049 | -9/Materials | Core integrity fell below 20% 2079 | -9/Materials | Lost 9 parts (1p2n2u4w) 2079 | -9/Materials | Destroyed by S-10 Pest with Light Assault Rifle Last Messages --------------- U-05 Engineer lays Concrete. The unstable cave ceiling collapses. U-05 Engineer lays Concrete. Lgt. Nuclear Core destroyed. U-05 Engineer lays Concrete. The unstable cave ceiling collapses. U-05 Engineer builds a Wall. U-05 Engineer lays Concrete. Critical hit (Burn: +37). U-05 Engineer lays Concrete. U-05 Engineer builds a Wall. U-05 Engineer lays Concrete. Connecting with Recycling Unit... U-05 Engineer lays Concrete. K-01 Serf collects debris. U-05 Engineer lays Concrete. U-05 Engineer builds a Door. Acquired VTOL Module. S-10 Pest destroyed. U-05 Engineer lays Concrete. Map ----- +----------------------------------------------------+ | = % % ???????????????? | | %= %# ???????????????? | | ###### ## # ## ???????????????? | | ## #??# ! ## #####? """ """ ??????????????? | | [ "T" #??#** * !##%##?????"?? ""????????????????? | | #??#****!!##[###??????????????????????????? | | #??#########/#####????????????????????????? | | #???????## #= ##???????????????????????? | | #???????# # = #???????????????????????? | | """ #???????## # # #???????????????????????? | | """ #???????## # #???????????????????????? | | """ ######### ##??????????????????????? | | ?? ## #??????????????????????? | | #??###### # ###??????????????????????? | | ????????# * # ##??????????????????????? | | ????????# % # #??????????????????????? | | ????????########/####/####### ???????????????? | | ????????###### #??????????????? | | ? ??????????????? | | ???????####### #??????????????? | | ??????????#####+### ###### #??????????????? | | ??????????# """ # =s= #???+##???????????????? | | ??????????# "Y" # Y [ #?????????????????????? | | ??????????# # """s #?????????????????????? | | ??????????# """ """ # """ #?????????????????????? | | ??????????# """ """ + """@ #?????????????????????? | | ??????????# """ """ # #?????????????????????? | | ??????????# ########?????????????????????? | | ??????????# #????????????????????????????? | | ??????????###########????????????????????????????? | | | | | | | | | | | | | | | | | | | | | | | | | | | | | | | | | | | | | | | | | +----------------------------------------------------+ Best States ------------- Heat Dissipation 28 Energy Generation 14 Energy Capacity 265 Matter Stores 300 Matter Capacity 300 Sight Range 18 Robot Scan Range 15 Terrain Scan Density 10 Armor Coverage 375 Evasion (%) 55 Item Schematics ----------------- None Robot Schematics ------------------ None Fabricated ------------ Nothing Alien Tech Used ----------------- None Achievements -------------- Loot Pinata Maybe Next Time I'll Detach My Launcher One Hack Too Far Part-time Mechanic Challenges ------------ None Game ------ Seed GlidesysSpliceBrace Manual? 0 Play Time 00:33:40 Cumulative 1.5 hours Start 2024.04.05 @ 19:43:14 End 2024.04.05 @ 23:16:09 Sessions 1 Manual Loads 0 Difficulty Rogue Special Mode None Game No. 3 Rogue 3 Adventurer 0 Explorer 0 Win Type - Total 0 Types 0/0/0/0/0/0/0/0/0 Lore% 8 Gallery% 4 Achievement% 4 Wizard Run 0 Options --------- Layout 1 ASCII 0 Keyboard 0 Movement Numpad Keybinds 0 Fullscreen 1 Font 24/Smallcaps Map View 50x35 Zoom Use 0% Tactical HUD 0 Map Filters NONE Filters NONE Steam 0 RUN: a7e514f4-d1d0-4737-992c-2b2e0d59dd8b